 Dungeon Crawl Stone Soup version 0.30-a0-1016-gfb0d676c02 (webtiles) character file.

Game seed: 6080237863507525523

48 DeathPants the Insei (level 3, -10/27 HPs)
             Began as a Demonspawn Transmuter on Apr 6, 2023.
             Mangled by Sigmund
             ... wielding a +0 scythe
              (12 damage)
             ... on level 2 of the Dungeon.
             The game lasted 00:03:47 (1100 turns).

DeathPants the Insei (Demonspawn Transmuter)        Turns: 1100, Time: 00:03:48

Health: -10/27     AC:  2    Str: 12    XL:     3   Next: 50%
Magic:  6/6        EV: 12    Int: 14    God:
Gold:   73         SH:  0    Dex: 13    Spells: 3/6 levels left

rFire   . . .      SeeInvis .      - Unarmed
rCold   . . .      Faith    .    (no shield)
rNeg    . . .      Spirit   .    a - +0 robe
rPois   .          Reflect  .    (helmet currently unavailable)
rElec   .          Rampage  .    (no cloak)
rCorr   .                        (no gloves)
Will    .....                    (boots currently unavailable)
Stlth   +                        (no amulet)
HPRegen 0.24/turn                (no ring)
MPRegen 0.10/turn                (no ring)

@: appendages (expiring)
A: horns 2, talons 2, demonic guardian 1, powered by pain 1
a: End Transformation


You were on level 2 of the Dungeon.
You had temporarily grown beastly horns and talons.
You visited 1 branch of the dungeon, and saw 3 of its levels.

You collected 73 gold pieces.

Inventory:

Armour
 a - a +0 robe (worn)
 h - a +0 leather armour
Scrolls
 d - a scroll of noise {unknown}
 e - 3 scrolls of acquirement {unknown}
 i - a scroll of identify {unknown}
Potions
 b - a potion of lignification
 c - a potion of degeneration {unknown}
 f - 2 potions of attraction {unknown}
 g - a potion of invisibility {unknown}


   Skills:
 + Level 1.7 Fighting
 + Level 2.2 Dodging
 + Level 3.0 Unarmed Combat
 + Level 2.4 Spellcasting
 + Level 2.2 Transmutations


You had 3 spell levels left.
You knew the following spells:

 Your Spells              Type           Power      Damage    Failure   Level
a - Beastly Appendage     Tmut           14%        N/A       10%         1
b - Wereblood             Tmut           7%         N/A       14%         2

Your spell library contained the following spells:

 Spells                   Type           Power      Damage    Failure   Level
 Magic Dart               Conj           4%         1d3       22%         1
 Call Imp                 Summ           1%         N/A       34%         2
 Spider Form              Tmut/Pois      4%         N/A       41%         3
 Mephitic Cloud           Conj/Pois/Air  1%         N/A       56%         3
 Ice Form                 Ice/Tmut       4%         N/A       82%         4
 Animate Dead             Necr           1%         N/A       92%         4
 Borgnjor's Vile Clutch   Necr/Erth      0%         N/A       99%         5
 Death Channel            Necr           0%         N/A       100%        6


Dungeon Overview and Level Annotations

Branches:
Dungeon (3/15)

Altars:

Annotations:
D:2 Sigmund


Innate Abilities, Weirdness & Mutations

You have temporarily grown beastly horns and talons.
A weak demonic guardian rushes to your aid.
You sometimes gain a little power by taking damage.


Message History

The quokka bites you but does no damage.
Okay, then.
You aren't carrying any items that you can evoke.
You have nothing you can fire or use right now.
You hit the quokka. You claw the quokka.
You kill the quokka!
Sigmund gestures at you while chanting.
You are confused.
Sigmund gestures wildly while chanting.
Sigmund flickers and vanishes!
Deactivating autopickup; reactivate with Ctrl-A.
A kobold comes into view. It is wielding a +0 short sword.
The kobold shouts!
You bump into the rock wall.
You hear some strange, mumbled words.
A puff of flame appears from out of thin air!
The puff of flame misses you.
Your transformation is almost over.
Something hits you!
You completely miss something. You claw something. You barely miss something.
Your kick misses something. Your headbutt misses something.
Something hits you but does no damage.
The kobold hits you with a +0 short sword.
You bump into the rock wall.
Something hits you.
The kobold hits you with a +0 short sword.
You miss something. Your kick misses something.
You feel less confused. The kobold closely misses you.
You closely miss something. Your kick misses something.
Your headbutt misses something. You punch something.
You hear some strange, mumbled words.
Something tries to affect you, but you resist.
The kobold hits you with a +0 short sword.
You miss something. Something hits you.
* * * LOW HITPOINT WARNING * * *
A demonic guardian appears!
The kobold hits you with a +0 short sword.
* * * LOW HITPOINT WARNING * * *
Something hits you!
You die...

... ... ... #.# #.###
#.# #.... #.######.
##### #{K......
#######.################
......5@.......†........
#######.############....
#.# #.### #.# #.# #.#
#.# #.# #(### #[# #....
#.# ##### ####


You could see a kobold (ally target) and a friendly white imp (summoned).

Vanquished Creatures
  A worm (D:2)
  3 dart slugs
  A ball python (D:2)
  4 endoplasms
  3 giant cockroaches
  3 goblins (D:1)
  3 hobgoblins (D:2)
  6 quokkas
  A bat (D:2)
  A frilled lizard (D:1)
  5 kobolds
  A rat (D:2)
32 creatures vanquished.

Notes
Turn   | Place    | Note
-------+----------+-------------------------------------------
     0 | D:1      | DeathPants the Demonspawn Transmuter began the quest for
                  | the Orb.
     0 | D:1      | Reached XP level 1. HP: 15/15 MP: 3/3
   118 | D:1      | Gained mutation: A weak demonic guardian rushes to your
                  | aid. [demonic ancestry]
   118 | D:1      | Reached XP level 2. HP: 20/21 MP: 3/5
   628 | D:2      | Gained mutation: You sometimes gain a little power by
                  | taking damage. [demonic ancestry]
   628 | D:2      | Reached XP level 3. HP: 26/26 MP: 4/6
   683 | D:2      | Learned a level 2 spell: Wereblood
   701 | D:2      | Reached skill level 3 in Unarmed Combat
  1087 | D:2      | Noticed Sigmund
  1099 | D:2      | HP: 1/27 [kobold/+0 short sword (3)]
  1100 | D:2      | Mangled by Sigmund

Illustrated notes

Levels and vault maps discovered:
D:1:      psy_arrival_dodecagon, layout_rooms, minmay_misc_feat_tiny
D:2:      layout_basic, minivault_24, uniq_sigmund, uniq_terence
D:3:      layout_rooms, mainiacjoe_overflow_boulevard

Skill      XL: |  1  2  3 |
---------------+----------+-----
Dodging        | 2 |  2.2
Transmutations | 2 |  2.2
Unarmed Combat | 3 |  3.0
Fighting       | |  1.7
Spellcasting   | |  2.4

Action                     || total
---------------------------++-------
  Melee: Unarmed           ||    90
         Kick              ||    20
         Headbutt          ||    15
         Punch             ||     2
   Cast: Beastly Appendage ||    15
 Armour: Robe              ||    19
  Dodge: Dodged            ||    52

Table legend: (Time is in decaauts)
 A = Elapsed time spent in this place.
 B = Non-inter-level travel time spent in this place.
 C = Inter-level travel time spent in this place.
 D = Time resting spent in this place.
 E = Time spent auto-exploring this place.
 F = Levels seen in this place.
 G = Mean time per level.
                   A        B        C        D        E       F      G
               +--------+--------+--------+--------+--------+-----+--------+
         Total |   1096 |   1096 |      0 |     43 |    678 |   3 |  365.3 |
       Dungeon |   1096 |   1096 |      0 |     43 |    678 |   3 |  365.3 |
               +--------+--------+--------+--------+--------+-----+--------+

Top non-repeatable levels by time:
     D:2: 555 daAuts
     D:1: 533 daAuts
     D:3: 7 daAuts
